Map: [ESL] Cosmic Sapphire

Players

Maplez - Winner!

  • Race: Protoss Protoss
  • Spawn Location: 5:00

ShaDow

  • Race: Zerg Zerg
  • Spawn Location: 11:00

Event: DreamHack SC2 Masters 2022 Valencia

VOD

Have the link to the VOD?

Description

Time

  • Played on: July 1, 2022, 5:32 a.m.
  • Length: 6:22

All games in this series

Show
View Real Time Build Order
Export as new Build Order

Maplez Protoss - Winner!

Build Orders:  

Get SALT Encoding   

  12  0:00  Probe  
  13  0:12  Probe  
  14  0:18  Pylon  
  14  0:24  Probe (Chrono Boost)  
  15  0:37  Probe (Chrono Boost)  
  15  0:40  Gateway  
  16  0:45  Probe (Chrono Boost)  
  17  0:50  Assimilator  
  17  0:51  Probe  
  18  1:03  Probe  
  19  1:11  Pylon  
  19  1:15  Probe  
  20  1:25  Gateway  
  20  1:28  Zealot  
  20  1:30  Cybernetics Core  
  22  1:38  Pylon  
  22  1:47  Probe  
  23  1:59  Probe  
  26  2:09  Warp Gate  
  26  2:10  Adept x2 (Chrono Boost)  
  28  2:18  Pylon  
  28  2:19  Shield Battery  
  27  2:39  Nexus  
  27  2:42  Stalker  
  29  2:44  Probe  
  30  2:51  Assimilator  
  30  2:57  Probe  
  31  3:03  Stalker (Chrono Boost)  
  33  3:17  Gateway  
  31  3:21  Shield Battery  
  31  3:29  Shield Battery  
  31  3:35  Pylon  
  28  3:49  Probe  
  27  3:57  Stalker x2  
  27  3:59  Probe (Chrono Boost)  
  33  4:05  Probe (Chrono Boost)  
  34  4:11  Probe (Chrono Boost)  
  34  4:15  Probe (Chrono Boost)  
  34  4:16  Probe (Chrono Boost), Robotics Facility  
  35  4:22  Sentry  
  38  4:25  Probe x2  
  38  4:29  Sentry  
  42  4:35  Gateway  
  42  4:37  Probe  
  43  4:39  Probe  
  44  4:48  Gateway  
  44  4:50  Gateway  
  44  4:52  Probe  
  45  4:54  Probe  
  46  5:00  Warp Prism (Chrono Boost)  
  46  5:06  Sentry  
  50  5:08  Sentry  
  50  5:09  Probe  
  50  5:14  Probe  
  54  5:19  Pylon  
  54  5:20  Pylon  
  54  5:31  Pylon  
  54  5:37  Probe  
  55  5:50  Stalker x2  
  55  5:51  Stalker x2, Zealot  
  55  5:52  Zealot  
  55  5:54  Probe  
  68  5:57  Pylon  
  68  6:14  Stalker x2  
  68  6:18  Zealot x3  
Show
View Real Time Build Order
Export as new Build Order

ShaDow Zerg 

Build Orders: Pool First 

Get SALT Encoding   

  12  0:00  Drone  
  13  0:12  Overlord  
  13  0:17  Drone  
  14  0:31  Drone x2  
  16  0:41  Spawning Pool  
  15  0:44  Drone  
  15  0:49  Drone  
  17  1:17  Hatchery  
  16  1:19  Drone  
  16  1:20  Drone  
  16  1:24  Extractor  
  17  1:32  Queen  
  19  1:40  Roach Warren  
  19  1:43  Zergling x2  
  19  1:46  Zergling x2  
  20  1:50  Zergling x2  
  21  1:54  Drone  
  22  2:05  Overlord  
  22  2:31  Roach x3  
  29  2:37  Roach  
  29  2:43  Roach  
  33  2:44  Roach  
  33  2:47  Drone x2  
  33  2:51  Overlord  
  33  3:17  Drone x3  
  33  3:19  Queen  
  37  3:25  Drone x2  
  39  3:27  Drone  
  39  3:32  Drone  
  40  3:42  Drone x2  
  40  3:47  Zergling x2  
  37  3:59  Drone  
  37  4:00  Drone x4  
  38  4:03  Drone  
  36  4:22  Metabolic Boost  
  36  4:25  Hatchery  
  36  4:28  Overlord  
  36  4:30  Zergling x2  
  36  4:32  Zergling x2  
  36  4:36  Zergling x4  
  39  4:38  Zergling x2  
  40  4:46  Queen  
  40  4:51  Queen  
  44  5:03  Zergling x2  
  44  5:04  Zergling x10  
  50  5:18  Zergling x4  
  51  5:37  Overlord, Drone  
  51  5:38  Overlord  
  51  5:39  Drone x2  
  51  5:40  Drone x2  
  56  5:50  Overlord  
  60  5:57  Zergling x2  
  60  5:58  Zergling x8  
  60  6:02  Zergling x2  
  60  6:03  Zergling x2  

Tags
 
Add a new tag
Caveats
  • Supply blocks, unpowered buildings, or Contaminate may cause inaccurate times.
  • Supply counts are checked every 10 seconds.